 Dungeon Crawl Stone Soup version 0.30-b1-5-g8e6c1be481 (webtiles) character file.

Game seed: 11083422984237690444

74250 Erymatos the Severer (level 15, -10/204 (214) HPs)
             Began as a Minotaur Berserker on May 4, 2023.
             Was a High Priest of Trog.
             Mangled by a pharaoh ant (28 damage)
             ... on level 2 of the Spider Nest.
             The game lasted 00:37:28 (19736 turns).

Erymatos the Severer (Minotaur Berserker)          Turns: 19736, Time: 00:37:28

HP:   -10/204 (214) AC: 26    Str: 31    XL:     15   Next: 6%
MP:   14/14         EV: 20    Int:  4    God:    Trog [*****.]
Gold: 255           SH:  6    Dex: 11    Spells: 14/14 levels left

rFire   + . .        b - +3 hammer "Yqimuh" {venom, rPois rF+}
rCold   + . .        u - +0 buckler
rNeg    . . .        Y - +0 steam dragon scales
rPois   +            n - +2 hood of the Assassin {Detect Stab+ Stlth++}
rElec   .            k - +0 cloak
rCorr   .            e - +2 pair of gloves
SInv    .            W - +5 pair of boots of the Twelve Nightmares {rC+ Str+3 Stlth+}
Will    +....        a - amulet of faith Stlth
                     m - +4 ring of protection
HPRegen 0.54/turn    t - +5 ring of evasion
MPRegen 0.14/turn

%: faith
@: berserking, lightly drained, very quick
A: horns 2, retaliatory headbutt
a: Renounce Religion, Berserk, Trog's Hand, Brothers in Arms


You were on level 2 of the Spider Nest.
You worshipped Trog.
Trog was extremely pleased with you.
You visited 4 branches of the dungeon, and saw 21 of its levels.

You collected 2131 gold pieces.
You spent 1876 gold pieces at shops.

Inventory:

Hand Weapons
 b - the +3 hammer "Yqimuh" (weapon) {venom, rPois rF+}
   (You found it on level 7 of the Dungeon)

   rF:        It protects you from fire.
   rPois:     It protects you from poison.
 w - a +2 heavy war axe
Missiles
 R - a throwing net (quivered)
Armour
 e - a +2 pair of gloves (worn)
 k - a +0 cloak (worn)
 n - the +2 hood of the Assassin (worn) {Detect Stab+ Stlth++}
   (You bought it in a shop on level 2 of the Orcish Mines)

   Detect:    It allows the wearer to sense nearby creatures.
   Stab+:     It allows the wearer to make particularly effective stabbing
   attacks against helpless or unaware enemies with any weapon.
   Stlth:     It makes you much more stealthy.
 u - a +0 buckler (worn)
 W - the +5 pair of boots of the Twelve Nightmares (worn) {rC+ Str+3 Stlth+}
   (You bought it in a shop on level 2 of the Orcish Mines)

   Str:       It affects your strength (+3).
   rC:        It protects you from cold.
   Stlth:     It makes you more stealthy.
 Y - +0 steam dragon scales (worn)
Jewellery
 a - an amulet of faith (around neck)
 j - a +6 ring of intelligence
 m - a +4 ring of protection (left hand)
 s - a ring of flight
 t - a +5 ring of evasion (right hand)
 O - a ring of ice
Wands
 g - a wand of roots (18)
 z - a wand of polymorph (32)
 C - a wand of digging (16)
 G - a wand of flame (79)
 H - a wand of acid (27)
 Q - a wand of paralysis (2)
Scrolls
 c - 14 scrolls of teleportation
 d - 2 scrolls of silence
 f - 5 scrolls of blinking
 l - 2 scrolls of enchant weapon
 r - 3 scrolls of enchant armour
 y - 5 scrolls of poison
 A - a scroll of identify
 D - 2 scrolls of butterflies {unknown}
 E - 2 scrolls of torment {unknown}
 F - 5 scrolls of immolation
 I - 3 scrolls of vulnerability {unknown}
 L - 3 scrolls of fog {unknown}
 M - a scroll of brand weapon {unknown}
 N - 2 scrolls of noise {unknown}
 U - a scroll of magic mapping {unknown}
Potions
 h - 5 potions of flight
 i - 2 potions of might
 o - 7 potions of attraction
 q - 2 potions of ambrosia
 v - 3 potions of lignification
 B - 7 potions of curing
 J - a potion of resistance
 K - 5 potions of haste
 P - 8 potions of heal wounds
 V - 2 potions of berserk rage {unknown}
 Z - 2 potions of cancellation {unknown}


   Skills:
 + Level 15.6 Fighting
 + Level 19.3 Axes
 + Level 16.3 Armour
 * Level 9.5 Dodging
 - Level 0.8 Stealth
 + Level 8.6 Shields


You had 14 spell levels left.
You didn't know any spells.
Your spell library was empty.

Dungeon Overview and Level Annotations

Branches:
Dungeon (12/15)            Temple (0/1) D:7            Lair (5/5) D:8
  Swamp (0/4) Lair:2       Spider (2/4) Lair:3        Slime (0/5) Lair:4
    Orc (2/2) D:11            Elf (0/3) Orc:2

Altars:
Ashenzari
Fedhas
Gozag
Hepliaklqana
Kikubaaqudgha
Nemelex Xobeh
Ru
Sif Muna
Trog
Uskayaw
Wu Jian
Xom
Yredelemnul
Zin
Jiyva

Shops:
D:5 *   Orc:1 :   Orc:2 [=*([

Annotations:
Lair:4 exclusion: 3 oklob plants


Innate Abilities, Weirdness & Mutations

You have a pair of horns on your head.
You reflexively headbutt those who attack you in melee.


Message History

Unknown command.
You bludgeon the culicivora!!
The culicivora is almost dead.
The demonic crawler misses you.
The demonic crawler hits you but does no damage. x2
The jumping spider misses you.
The jumping spider bites you but does no damage.
The sun moth bites you.
* * * LOW HITPOINT WARNING * * *
The culicivora misses you.
The redback bites you but does no damage.
The pharaoh ant bites you!!
* * * LOW HITPOINT WARNING * * *
You hit the culicivora.
You feel the power of Trog in you as your rage grows.
You kill the culicivora!
Trog accepts your kill. The pharaoh ant misses you. You furiously retaliate!
You headbutt the pharaoh ant!
You destroy the pharaoh ant!
Trog accepts your kill.
The pharaoh ant binds the souls of nearby monsters.
The demonic crawler hits you but does no damage.
The demonic crawler misses you. The demonic crawler hits you.
* * * LOW HITPOINT WARNING * * *
The jumping spider leaps!
The jumping spider closely misses you. You furiously retaliate!
You headbutt the jumping spider! The jumping spider misses you.
The redback misses you. You furiously retaliate!
You headbutt the redback!!
You kill the redback!
Trog accepts your kill.
A freezing mist starts to gather...
The pharaoh ant barely misses you. You block the sun moth's attack.
A redback simulacrum comes into view.
You feel a strong urge to attack something.
The demonic crawler hits you.
* * * LOW HITPOINT WARNING * * *
You block the demonic crawler's attack. The demonic crawler misses you.
The pharaoh ant bites you!!
You die...

# ### ..##
#.##
.....##..##
..>#....#
!○.Z..#
##ss..#
#@ss..###
#sBy..>.#
#......^##
{#.........#
##.........#
.....######
..#....
.........
#^....#...


You could see a sun moth (poisoned), a demonic crawler, a pharaoh ant, a jumping
spider (soul bound), a tarantella (soul bound), 2 redbacks and a redback
simulacrum.

Vanquished Creatures
  Gastronok (Lair:1)
  An orc warlord (Orc:2)
  A fire dragon (Lair:5)
  An entropy weaver (Spider:1)
  The ghost of Nubia the Covert, a journeyman GnEn (Lair:4)
  3 hydras
  Erica (D:10)
  A catoblepas (Lair:1)
  17 death yaks
  3 two-headed ogres
  An orc high priest (Orc:2)
  Nergalle (Orc:2)
  4 skeletal warriors (D:12)
  2 skysharks
  A pharaoh ant (Spider:2)
  A sun moth (Spider:1)
  An obsidian statue (D:10)
  An orb spider (Spider:1)
  A lindwurm (Lair:5)
  5 orc knights
  2 bog bodies (Lair:2)
  Pikel (D:7)
  2 wolf spiders
  5 orc sorcerers
  3 cyclopes
  A manticore (D:11)
  5 black mambas
  Joseph (D:7)
  2 molten gargoyles (Lair:5)
  16 elephants
  A torpor snail (Lair:1)
  A gargoyle (D:12)
  7 cane toads
  3 unseen horrors
  15 komodo dragons
  A rime drake (Lair:1)
  6 trolls
  3 tarantellas
  A hornet (D:8)
  5 polar bears
  2 dream sheep
  15 blink frogs
  4 culicivoras
  2 jumping spiders (Spider:1)
  17 yaks
  4 wyverns
  A shadow (D:10)
  8 basilisks
  Grum (D:8)
  3 steam dragons (Lair:5)
  3 vampire mosquitoes (D:12)
  17 redbacks
  4 wargs (D:11)
  9 water moccasins
  4 hell hounds (Lair:5)
  19 orc warriors
  A sky beast (D:8)
  A hornet zombie (D:8)
  An ice beast (D:7)
  3 black bears (D:8)
  12 ogres
  3 wolves (D:8)
  5 centaurs
  3 phantoms
  3 lemures (D:7)
  2 kobold brigands
  Blork the orc (Orc:2)
  12 bullfrogs
  3 scorpions (D:5)
  2 wyvern zombies (D:8)
  A gnoll sergeant (D:10)
  5 wights (D:8)
  3 howler monkeys
  5 lava snakes (Lair:5)
  19 orc priests
  3 hounds
  Crazy Yiuf (D:7)
  Jessica (D:3)
  10 iguanas
  Terence (D:2)
  24 orc wizards
  4 killer bee zombies (D:8)
  2 howler monkey zombies (D:8)
  6 gnolls
  7 adders
  A shadow imp (D:7)
  A white imp (D:8)
  A worm (D:5)
  3 dart slugs
  61 orcs
  4 ball pythons
  9 endoplasms
  4 giant cockroaches
  4 goblins
  4 hobgoblins
  4 jackals (D:2)
  19 kobolds
  7 quokkas
  5 bats
  5 frilled lizards
  6 rats
524 creatures vanquished.

Vanquished Creatures (collateral kills)
  Rupert (Orc:2)
  A skeletal warrior (D:12)
2 creatures vanquished.

Vanquished Creatures (others)
  2 demonic plants (D:1)
  5 fungi
  8 plants
15 creatures vanquished.

Grand Total: 541 creatures vanquished

Notes
Turn   | Place    | Note
-------+----------+-------------------------------------------
     0 | D:1      | Erymatos the Minotaur Berserker began the quest for the
                  | Orb.
     0 | D:1      | Reached XP level 1. HP: 19/19 MP: 0/0
   118 | D:1      | Found a faded altar of an unknown god.
   131 | D:1      | Reached XP level 2. HP: 20/27 MP: 1/1
   195 | D:1      | Reached skill level 4 in Axes
   804 | D:1      | Reached XP level 3. HP: 33/33 MP: 2/2
   955 | D:2      | Reached ** piety under Trog
   959 | D:2      | Noticed Terence
   967 | D:2      | Killed Terence
  1166 | D:2      | Reached XP level 4. HP: 40/40 MP: 3/3
  1236 | D:2      | Reached skill level 5 in Axes
  2101 | D:3      | Reached XP level 5. HP: 11/47 MP: 4/4
  2467 | D:3      | Noticed Jessica
  2477 | D:3      | Killed Jessica
  2624 | D:4      | Reached skill level 6 in Axes
  2770 | D:4      | Found a hide-covered altar of Uskayaw.
  2788 | D:4      | Found a sparkling altar of Nemelex Xobeh.
  2805 | D:4      | Reached *** piety under Trog
  2881 | D:4      | Found a hazy altar of Hepliaklqana.
  2948 | D:4      | Reached XP level 6. HP: 49/51 MP: 5/5
  3430 | D:5      | Entered Level 5 of the Dungeon
  3506 | D:5      | Found a bloodstained altar of Trog.
  3519 | D:5      | Reached skill level 5 in Fighting
  3519 | D:5      | Reached skill level 7 in Axes
  3523 | D:5      | Reached XP level 7. HP: 61/61 MP: 6/6
  3531 | D:5      | Reached skill level 8 in Axes
  3531 | D:5      | Reached skill level 5 in Armour
  3597 | D:5      | Found Uryq Kufa's Assorted Antiques.
  3605 | D:5      | Bought a puce potion for 18 gold pieces
  3605 | D:5      | Bought a scroll labelled WATUNK ZIUZURR for 21 gold pieces
  3605 | D:5      | Bought a scroll labelled CIOBITIYSI for 21 gold pieces
  3669 | D:5      | Found a shimmering altar of Xom.
  4250 | D:6      | Reached XP level 8. HP: 67/69 MP: 7/7
  4261 | D:6      | Identified the +2 leather armour of Vusokiem {Harm Rampage
                  | Will+ Str+7 Int-2}
  4286 | D:6      | Reached skill level 9 in Axes
  4609 | D:6      | Found an ancient bone altar of Kikubaaqudgha.
  4609 | D:6      | Found a shimmering blue altar of Sif Muna.
  4616 | D:6      | Found a broken altar of Ashenzari.
  4618 | D:6      | Found a faded altar of an unknown god.
  4620 | D:6      | Found a faded altar of an unknown god.
  4840 | D:7      | Noticed Pikel
  4857 | D:7      | Killed Pikel
  4858 | D:7      | Reached skill level 10 in Axes
  4858 | D:7      | Reached skill level 1 in Shields
  4905 | D:7      | Reached XP level 9. HP: 67/78 MP: 8/8
  5042 | D:7      | Found a glowing silver altar of Zin.
  5155 | D:7      | Reached **** piety under Trog
  5174 | D:7      | Noticed Joseph
  5183 | D:7      | Killed Joseph
  5184 | D:7      | Reached skill level 11 in Axes
  5232 | D:7      | Found an ornate altar of the Wu Jian Council.
  5253 | D:7      | Found a staircase to the Ecumenical Temple.
  5457 | D:7      | Found a runed translucent door.
  5458 | D:7      | Noticed Crazy Yiuf
  5464 | D:7      | Killed Crazy Yiuf
  5468 | D:7      | Identified the +3 hammer "Yqimuh" {venom, rPois rF+}
  5586 | D:8      | Found a basalt altar of Yredelemnul.
  5757 | D:8      | Noticed a two-headed ogre
  5763 | D:8      | Killed a two-headed ogre
  5764 | D:8      | Reached skill level 12 in Axes
  5768 | D:8      | Noticed an elephant
  5770 | D:8      | Reached XP level 10. HP: 75/86 MP: 9/9
  5770 | D:8      | Noticed Grum
  5771 | D:8      | Paralysed by a hornet for 3 turns
  5780 | D:8      | Reached skill level 10 in Armour
  5782 | D:8      | Killed an elephant
  5786 | D:8      | Killed Grum
  6175 | D:8      | Reached skill level 13 in Axes
  6239 | D:8      | Found a blossoming altar of Fedhas.
  6309 | D:8      | Found a staircase to the Lair.
  6645 | D:9      | Found a sacrificial altar of Ru.
  6875 | D:9      | Reached skill level 14 in Axes
  6876 | D:9      | Reached ***** piety under Trog
  7615 | D:10     | Entered Level 10 of the Dungeon
  7615 | D:10     | Noticed an obsidian statue
  7899 | D:10     | Noticed Erica
  7911 | D:10     | Killed Erica
  7912 | D:10     | Reached XP level 11. HP: 97/97 MP: 10/10
  8042 | D:10     | Found an opulent altar of Gozag.
  8484 | D:10     | Killed an obsidian statue
  8689 | D:11     | Identified the +0 leather armour of the Endless Expanse
                  | {rElec Dex+3}
  8723 | D:11     | Found a staircase to the Orcish Mines.
  8939 | D:11     | Reached skill level 15 in Axes
  9067 | Orc:1    | Entered Level 1 of the Orcish Mines
  9074 | Orc:1    | Noticed an orc sorcerer
  9088 | Orc:1    | Killed an orc sorcerer
  9223 | Orc:1    | Found a dark tunnel.
  9541 | Orc:1    | Noticed an orc knight
  9550 | Orc:1    | Killed an orc knight
  9578 | Orc:1    | Found Niwkianu's Vocational Training.
  9749 | Orc:1    | Reached skill level 10 in Fighting
  9774 | Orc:2    | Entered Level 2 of the Orcish Mines
  9775 | Orc:2    | Noticed an orc sorcerer
  9778 | Orc:2    | Noticed a soul eater
  9827 | Orc:2    | Paralysed by an orc sorcerer for 3 turns
  9830 | Orc:2    | Killed an orc sorcerer
  9900 | Orc:2    | Reached skill level 16 in Axes
  9900 | Orc:2    | Noticed an orc sorcerer
  9901 | Orc:2    | Noticed an orc knight
  9901 | Orc:2    | Noticed an orc warlord
  9901 | Orc:2    | Noticed an orc sorcerer
  9903 | Orc:2    | Noticed an orc sorcerer
  9924 | Orc:2    | Killed an orc sorcerer
  9925 | Orc:2    | Reached skill level 5 in Shields
  9930 | Orc:2    | Killed an orc warlord
  9931 | Orc:2    | Reached XP level 12. HP: 108/108 MP: 11/11
 10120 | Orc:2    | Noticed Rupert
 10121 | Orc:2    | Paralysed by Rupert for 5 turns
 10129 | Orc:2    | Killed Rupert
 10267 | Orc:2    | Found Fapez's Antique Armour Boutique.
 10303 | Orc:2    | Bought a pair of spiked boots for 256 gold pieces
 10303 | Orc:2    | Identified the +5 pair of boots of the Twelve Nightmares
                  | {rC+ Str+3 Stlth+} (You bought it in a shop on level 2 of
                  | the Orcish Mines)
 10359 | Orc:2    | Noticed Blork the orc
 10373 | Orc:2    | Killed Blork the orc
 10375 | Orc:2    | Reached skill level 17 in Axes
 10377 | Orc:2    | Noticed an orc high priest
 10385 | Orc:2    | Killed an orc high priest
 10386 | Orc:2    | Noticed Nergalle
 10395 | Orc:2    | Killed Nergalle
 10589 | Orc:2    | Found Etut's General Store.
 10632 | Orc:2    | Found Sickiazu's Antique Armour Shop.
 10652 | Orc:2    | Found a staircase to the Elven Halls.
 10716 | Orc:2    | Found Fawaocwe's Jewellery Shop.
 10731 | Orc:2    | Found Desk's Antique Weapon Shop.
 10969 | D:12     | Noticed a two-headed ogre
 10974 | D:12     | Killed a two-headed ogre
 11052 | D:12     | HP: 1/113 [skeletal warrior/+1 halberd of distortion (18)]
 11614 | D:12     | Reached XP level 13. HP: 87/119 MP: 12/12
 12419 | Lair:1   | Entered Level 1 of the Lair of Beasts
 12936 | Lair:1   | Noticed Gastronok
 12946 | Lair:1   | Killed Gastronok
 13263 | Lair:1   | Reached skill level 5 in Dodging
 13409 | Lair:1   | Reached skill level 18 in Axes
 13724 | Lair:2   | Reached skill level 15 in Armour
 13992 | Lair:2   | Found a staircase to the Swamp.
 15044 | Lair:3   | Found a gate leading to a gauntlet.
 15129 | Lair:3   | Found a hole to the Spider Nest.
 15714 | Lair:4   | Reached XP level 14. HP: 130/130 MP: 13/13
 15880 | Lair:4   | Found a viscous altar of Jiyva.
 15880 | Lair:4   | Found a staircase to the Slime Pits.
 16149 | Lair:4   | Found a runed translucent door.
 16149 | Lair:4   | Noticed Nubia's ghost (journeyman GnEn)
 16282 | Lair:4   | Killed Nubia's ghost
 16376 | Lair:5   | Entered Level 5 of the Lair of Beasts
 16668 | Lair:5   | Reached skill level 19 in Axes
 16677 | Lair:5   | Reached skill level 15 in Fighting
 17431 | Orc:2    | Bought the +2 hood of the Assassin {Detect Stab+ Stlth++}
                  | for 1560 gold pieces
 17431 | Orc:2    | Found the +2 hood of the Assassin {Detect Stab+ Stlth++}
 18302 | Lair:5   | Found a large runed translucent door.
 18306 | Lair:5   | Found a large runed translucent door.
 18539 | Spider:1 | Entered Level 1 of the Spider Nest
 18569 | Spider:1 | Identified the +0 robe of Ykuplyech {+Inv rF+ Str-4 Dex+6}
 18997 | Spider:1 | Received a gift from Trog
 19318 | Spider:1 | Reached XP level 15. HP: 82/141 MP: 14/14
 19736 | Spider:2 | Mangled by a pharaoh ant

Illustrated notes

Levels and vault maps discovered:
D:1:      dpeg_arrival_rooms_with_view, layout_basic,
          shapermc_ecumenical_altar_gd
D:2:      layout_basic, uniq_terence
D:3:      layout_rooms, kennysheep_jessica_study
D:4:      layout_loops_ring, nicolae_overflow_hidden_temple,
          mainiacjoe_overflow_large_starburst, minmay_box_of_dots
D:5:      layout_rooms, amcnicky_altar_gilded,
          mainiacjoe_overflow_small_starburst, serial_shops,
          nicolae_shop_hallway_stairs, minmay_misc_feat_encased,
          serial_bayou_crossing
D:6:      layout_cave_pools, chequers_temple_overflow_minitemple
D:7:      layout_rooms, mainiacjoe_overflow_paths, zin_treasury,
          minmay_temple_entry_poolview, uniq_crazy_yiuf_cottage, uniq_joseph,
          uniq_pikel
D:8:      layout_loops_cross, nicolae_yredelemnul_corpse_copse,
          fedhas_altar_fruit_tree, david_lair_generic, uniq_grum
D:9:      layout_grid_maze, nicolae_ru_great_annihilating_truth
D:10:     layout_loops_ring, grunt_gozag_breadcrumbs, minmay_statue_bubble,
          uniq_erica
D:11:     layout_rooms, minmay_orc_entry_guard_dogs
D:12:     layout_basic, serial_rivers, chequers_serial_rivers_large_a,
          chequers_serial_rivers_micro_b, chequers_serial_rivers_micro_e,
          chequers_serial_rivers_room_b
Lair:1:   layout_regular_city, minmay_shattered_shrine, uniq_gastronok
Lair:2:   layout_layer_cave, skrybe_swamp_entry_bodies,
          infiniplex_staircase_pool
Lair:3:   beast_lair_carwin_large_1, layout_loops_ring,
          spider_nest_entry_rubble, gauntlet_entry_generic, minivault_11,
          dreamdust_mushroom_princess
Lair:4:   layout_cave_pods, minmay_slime_entry_oklob_open,
          ebering_ghost_inner_flame
Lair:5:   cheibrodos_lair_end_hotspot, layout_hall_layers, lemuel_fruit_tree
Spider:1: layout_cave_pods
Spider:2: spiders_nest_scorpion_pit, uniq_arachne
Orc:1:    nicolae_orc_accident_3, layout_caves, nicolae_volcano_entry_hallway,
          nicolae_shop_vocational
Orc:2:    grunt_orc_cross, layout_caves, serial_shops, shop, uniq_rupert

Skill      XL: |  1  2  3  4  5  6  7  8  9 10 11 12 13 14 |
---------------+-------------------------------------------+-----
Fighting       | 4 5 6 7 9 10 12 13 15 | 15.6
Axes           | 4 5 6 7 8 10 12 14 16 17 18 19 | 19.3
Dodging        | 3 4 6 9 |  9.5
Armour         | 3 4 5 7 9 11 12 13 15 16 | 16.3
Shields        | 1 2 3 5 6 7 8 |  8.6
Stealth        | |  0.8

Action                     |  1- 3 |  4- 6 |  7- 9 | 10-12 | 13-15 || total
---------------------------+-------+-------+-------+-------+-------++-------
  Melee: Hand axe          |    76 |   123 |       |       |       ||   199
         Headbutt          |    13 |    20 |    25 |    48 |   101 ||   207
         War axe           |       |     3 |   134 |   370 |   369 ||   876
         Mace              |       |       |       |       |    94 ||    94
 Invoke: Berserk           |     1 |     3 |     5 |    14 |    15 ||    38
         Trog's Hand       |       |       |     1 |    11 |     4 ||    16
         Brothers in Arms  |       |       |       |     4 |     2 ||     6
    Use: Potion            |       |     1 |       |     3 |       ||     4
         Scroll            |       |       |       |     6 |    12 ||    18
   Stab: Paralysed         |       |       |       |     1 |       ||     1
         Sleeping          |       |       |       |       |     4 ||     4
 Armour: Animal skin       |    14 |     4 |       |       |       ||    18
         Scale mail        |       |    12 |       |       |       ||    12
         Plate armour      |       |    47 |   129 |   251 |   170 ||   597
         Steam dragon scal |       |       |       |       |   103 ||   103
  Dodge: Dodged            |    42 |    50 |    82 |   285 |   389 ||   848
  Block: Buckler           |       |     3 |    27 |    79 |   117 ||   226
